 Dungeon Crawl Stone Soup version 0.18.1-8-gdd0e5ea (webtiles) character file.

43 Arkorax the Shield-Bearer (level 3, -2/30 HPs)
             Began as a Formicid Fighter on May 23, 2016.
             Killed by nerve-wracking pain
             ... invoked by Grinder
              (3 damage)
             ... on level 3 of the Dungeon.
             The game lasted 00:01:47 (1276 turns).

Arkorax the Shield-Bearer (Formicid Fighter)        Turns: 1276, Time: 00:01:47

Health: -2/30      AC:  6    Str: 26    XL:     3   Next: 82%
Magic:  3/3        EV:  8    Int:  7    God:
Gold:   138        SH: 10    Dex: 10    Spells: 0 memorised, 2 levels left

rFire  . . .     SeeInvis +     a - +0 war axe
rCold  . . .     Gourm    .     b - +0 scale mail
rNeg   . . .     Faith    .     c - +0 shield
rPois  .         Spirit   .     (helmet unavailable)
rElec  .         Dismiss  .     (no cloak)
rCorr  .         Reflect  .     (no gloves)
SustAt .         Harm     .     (no boots)
MR     .....                    (no amulet)
Stlth  ..........               (no ring)
                                (no ring)

@: mighty, not resistant to hostile enchantments, extremely unstealthy
A: permanent stasis, dig shafts and tunnels, four strong arms, antennae 3
a: Dig, Shaft Self


You were on level 3 of the Dungeon.
You were not hungry.

You visited 1 branch of the dungeon, and saw 3 of its levels.

You collected 138 gold pieces.

Inventory:

Hand Weapons
 a - a +0 war axe (weapon)
Armour
 b - a +0 scale mail (worn)
 c - a +0 shield (worn)
Scrolls
 e - 2 scrolls of fear {unknown}
 h - 3 scrolls of identify {unknown}
 j - 3 scrolls of remove curse {unknown}
 k - a scroll of teleportation {unknown}
 p - a scroll of magic mapping {unknown}
 s - a scroll of fog {unknown}
Potions
 l - a potion of cure mutation
 m - 2 potions of cancellation {unknown}
 n - a potion of mutation {unknown}
 o - a potion of curing {unknown}
 q - a potion of flight {unknown}
Comestibles
 f - 3 bread rations
 g - a beef jerky
 i - 3 meat rations
 r - a royal jelly
 t - 5 fruits


   Skills:
 * Level 4.1 Fighting
 * Level 2.6 Axes
 - Level 3.2 Armour
 + Level 4.1 Shields


You had 2 spell levels left.
You didn't know any spells.

Dungeon Overview and Level Annotations

Branches:
Dungeon (3/15)

Altars:
Dithmenos
Trog

Annotations:
D:3 Grinder


Innate Abilities, Weirdness & Mutations

You are under a permanent stasis effect.
You can dig through walls and to a lower floor.
Your four strong arms can wield two-handed weapons with a shield.
You have a pair of large antennae on your head (SInv).


Message History

You hit Grinder.
Grinder is moderately wounded.
Grinder hits you.
You writhe in agony.
* * * LOW HITPOINT WARNING * * *
Grinder hits you but does no damage.
You are too injured to fight recklessly!
You are too injured to fight recklessly!
You are too injured to fight recklessly!
You barely miss Grinder.
Grinder is moderately wounded.
Grinder hits you.
* * * LOW HITPOINT WARNING * * *
You writhe in agony.
* * * LOW HITPOINT WARNING * * *
Unknown command.
Drink which item? (? for menu, Esc to quit)
It was a potion of cure mutation.
It has a very clean taste.
Grinder gestures at you. Pain shoots through your body!
You die...

###################
#..................
#.#################
#.# #.######
#.#....# #'@5...+
#........#
#........#
#........#
....##....# { ####.
##### #. #.


You could see Grinder.

Vanquished Creatures
  A worm (D:2)
  2 dart slugs (D:1)
  A giant gecko (D:3)
  3 giant cockroaches
  7 goblins
  3 hobgoblins
  A quokka (D:2)
  6 bats
  A giant newt (D:1)
  2 kobolds
  6 rats
33 creatures vanquished.

Notes
Turn   | Place    | Note
--------------------------------------------------------------
     0 | D:1      | Arkorax the Formicid Fighter began the quest for the Orb.
     0 | D:1      | Reached XP level 1. HP: 18/18 MP: 1/1
   114 | D:1      | Reached XP level 2. HP: 23/24 MP: 2/2
   507 | D:1      | Reached XP level 3. HP: 30/30 MP: 3/3
   744 | D:2      | Found a bloodstained altar of Trog.
  1108 | D:2      | Found a shadowy altar of Dithmenos.
  1267 | D:3      | Noticed Grinder
  1275 | D:3      | HP: 1/30 [Grinder (5)]
  1276 | D:3      | Killed from afar by Grinder

Skill      XL: |  1  2  3 |
---------------+----------+-----
Shields        | 4 |  4.1
Fighting       | 4 |  4.1
Axes           | |  2.6
Armour         | |  3.2

Action                   || total
-------------------------++-------
Melee: War axe           ||   104
  Use: Potion            ||     2
  Eat: Chunk             ||     1
Armor: Scale mail        ||    48
Dodge: Dodged            ||    36
Block: Shield            ||    53
